 Dungeon Crawl Stone Soup version 0.30.1-11-g7821555f0a (webtiles) character file.

Game seed: 10522548685259800237

120 lonewolfV2 the Covered (level 5, -1/43 HPs)
             Began as a Formicid Fighter on Nov 16, 2023.
             Slain by a gnoll
             ... wielding a +0 halberd
              (10 damage)
             ... on level 3 of the Dungeon.
             The game lasted 00:02:43 (2118 turns).

lonewolfV2 the Covered (Formicid Fighter)           Turns: 2118, Time: 00:02:43

Health: -1/43      AC:  7    Str: 22    XL:     5   Next: 25%
Magic:  5/5        EV:  9    Int:  8    God:
Gold:   182        SH: 11    Dex: 13    Spells: 4/4 levels left

rFire   . . .        a - +0 war axe
rCold   . . .        c - +1 buckler
rNeg    . . .        b - +0 scale mail
rPois   .            (helmet unavailable)
rElec   .            (no cloak)
rCorr   .            (no gloves)
SInv    +            (no boots)
Will    +....        m - amulet of reflection Stlth
                     q - ring of willpower
HPRegen 0.27/turn    (no ring)
MPRegen 0.09/turn

%: reflection
@: no status effects
A: permanent stasis, dig shafts and tunnels, antennae 3, four strong arms
a: Dig, Shaft Self


You were on level 3 of the Dungeon.
You visited 1 branch of the dungeon, and saw 3 of its levels.

You collected 182 gold pieces.

Inventory:

Hand Weapons
 a - a +0 war axe (weapon)
Armour
 b - a +0 scale mail (worn)
 c - a +1 buckler (worn)
Jewellery
 m - an amulet of reflection (around neck)
 q - a ring of willpower (left hand)
Wands
 e - a wand of roots (7)
 n - a wand of charming (3)
Scrolls
 g - 3 scrolls of fear
 l - a scroll of enchant armour
 r - a scroll of torment {unknown}
 t - a scroll of identify {unknown}
Potions
 d - 3 potions of might
 f - a potion of mutation {unknown}
 h - a potion of lignification {unknown}
 i - 3 potions of curing {unknown}
 j - a potion of cancellation {unknown}
 k - a potion of magic {unknown}
 o - 2 potions of flight {unknown}
 p - 2 potions of invisibility {unknown}
 s - a potion of brilliance {unknown}


   Skills:
 + Level 4.8 Fighting
 - Level 2.0 Axes
 + Level 4.9 Armour
 - Level 4.0 Shields


You had 4 spell levels left.
You didn't know any spells.
Your spell library contained the following spells:

 Spells                   Type           Power      Damage    Failure   Level
 Ozocubu's Armour         Ice            0%         N/A       98%         3
 Ozocubu's Refrigeration  Ice            0%         4d7       100%        7


Dungeon Overview and Level Annotations

Branches:
Dungeon (3/15)

Altars:


Innate Abilities, Weirdness & Mutations

You cannot be hasted, slowed, berserked, paralysed or teleported.
You can dig through walls and to a lower floor.
You have a pair of large antennae on your head. (SInv)
Your four strong arms can wield two-handed weapons with a shield.


Message History

The gnoll is almost dead.
You block the gnoll's attack.
You hit the gnoll but do no damage.
The gnoll is almost dead.
You block the gnoll's attack. x2; The gnoll closely misses you.
You barely miss the gnoll. You block the gnoll's attack. x2
The gnoll hits you with a +0 club.
A hobgoblin comes into view.
You block the gnoll's attack. The gnoll hits you with a +0 flail!
The gnoll hits you from afar with a +0 halberd!
The gnoll hits you but does no damage.
You barely miss the gnoll. You hit the gnoll. You slash the gnoll!
You kill the gnoll!
You block the gnoll's attack. The gnoll completely misses you.
The gnoll barely misses you. You block the gnoll's attack.
The gnoll hits you with a +0 club. The gnoll closely misses you.
You hit the gnoll.
The gnoll is heavily wounded.
You slash the gnoll!
You kill the gnoll!
You block the gnoll's attack.
The gnoll hits you with a +1 halberd of protection!
* * * LOW HITPOINT WARNING * * *
Aiming: Fastroot
Press: ? - help, Q - select action, (/) - cycle Shift-Dir - straight line The roots erupt in riotous growth!
Roots grab the gnoll.
Roots grab the gnoll.
Roots grab the hobgoblin.
The grasping roots constrict the hobgoblin.
The grasping roots constrict the gnoll. x2
You hear a shout!
The gnoll hits you but does no damage. x2
The hobgoblin struggles to escape constriction.
You slash the gnoll!
You kill the gnoll!
The grasping roots constrict the hobgoblin!
You kill the hobgoblin!
The grasping roots constrict the gnoll!
The gnoll hits you from afar with a +0 halberd!
You die...

........###...###..#.......#
####.##.....#.###...........
..# #... #...#.........##
..## ....#.#...........# .##
.##....?............
##.#............##
#..............(.
##..).)........#.
....#..@)........#
###.....)g†##....#
.............####
####.#######... #. g... ##
##


You could see a gnoll (rooted).

Vanquished Creatures
  3 gnolls (D:3)
  3 adders
  A worm (D:3)
  2 dart slugs
  An orc (D:3)
  5 ball pythons
  3 bats
  8 endoplasms
  4 giant cockroaches
  7 goblins
  8 hobgoblins
  7 jackals
  2 kobolds
  3 quokkas
  2 frilled lizards
  A rat (D:1)
60 creatures vanquished.

Notes
Turn   | Place    | Note
-------+----------+-------------------------------------------
     0 | D:1      | lonewolfV2 the Formicid Fighter began the quest for the
                  | Orb.
     0 | D:1      | Reached XP level 1. HP: 18/18 MP: 1/1
    79 | D:1      | Reached XP level 2. HP: 16/24 MP: 2/2
   359 | D:1      | Reached XP level 3. HP: 30/30 MP: 3/3
   631 | D:1      | Found a faded altar of an unknown god.
  1276 | D:2      | Reached XP level 4. HP: 23/37 MP: 4/4
  2078 | D:3      | Reached XP level 5. HP: 43/43 MP: 5/5
  2118 | D:3      | Slain by a gnoll

Illustrated notes

Levels and vault maps discovered:
D:1:      saegor_arrival_miasma, layout_loops_cross,
          shapermc_ecumenical_altar_gd
D:2:      layout_loops_ring, serial_rivers, chequers_serial_rivers_micro_e,
          chequers_serial_rivers_micro_b, chequers_serial_rivers_micro_e,
          chequers_serial_rivers_large_a, chequers_serial_rivers_small_3,
          item_on_display_a
D:3:      layout_rooms, gup_sewer_entry_spiral

Skill      XL: |  1  2  3 |
---------------+----------+-----
Fighting       | 4 |  4.8
Armour         | 4 |  4.9
Axes           | |  2.0
Shields        | |  4.0

Action                     |  1- 3 |  4- 6 || total
---------------------------+-------+-------++-------
  Melee: War axe           |    79 |    62 ||   141
  Evoke: Wand              |       |     1 ||     1
    Use: Scroll            |     4 |     2 ||     6
 Armour: Scale mail        |    51 |    36 ||    87
  Dodge: Dodged            |    53 |    34 ||    87
  Block: Buckler           |    29 |    30 ||    59
